AoeStats
← Arkionfeso

Four Lakes

509216964Analyzed
1v1 RM · 8d ago on Sep 25, 2026· 30m 31s· 2 players
Game mode
Random Map
Map size
Tiny (2 player)
Population
200
Speed
Normal
Resources
Standard
Victory
Conquest
Starting age
Dark Age
Ending age
Imperial Age
RankedLock teamsTeams togetherTeam positionsShared explorationLock speedFull tech treeHidden civsTurbo modeCheats
Victory
Defeat
🇲🇽 Spanish · Mexico
435
+17
🇨🇱 Burgundians · Chile
467
-17
Arkionfeso
9:30 Feudal Age
16:55 Stone Mining
20:38 Castle Age
18:32 Double-Bit Axe
19:43 Horse Collar
20:34 Loom
21:50 Town Watch
21:51 Fishing Lines
29:57 Pikeman
BastiRun
10:40 Feudal Age
14:51 Horse Collar
15:45 Double-Bit Axe
18:20 Gold Mining
19:36 Gold Shaft Mining
21:07 Castle Age
20:23 Bow Saw
21:51 Heavy Plow
22:59 Two-Man Saw
22:23 Forging
Connection lost

Rejoining the realm…

Still unreachable

The connection could not be restored.

Session expired

The server has moved on; the page needs a fresh start.